 Dungeon Crawl Stone Soup version 0.31-a0-204-g7da18cac08 (webtiles) character file.

Game seed: 4826185337847531855

505 innerfire43 the Trooper (level 6, -4/49 (51) HPs)
             Began as a Demonspawn Monk on June 27, 2023.
             Was an Initiate of Gozag.
             Slain by a gnoll
             ... wielding a +2 whip of electrocution
             ... led by a gnoll bouda
              (17 damage)
             ... on level 4 of the Dungeon.
             The game lasted 00:05:00 (3778 turns).

innerfire43 the Trooper (Demonspawn Monk)           Turns: 3778, Time: 00:05:01

HP:   -4/49 (51)    AC:  5    Str: 14    XL:     6   Next: 96%
MP:   6/6           EV: 14    Int: 11    God:    Gozag
Gold: 512           SH:  0    Dex: 15    Spells: 5/5 levels left

rFire   . . .        a - +0 hand axe
rCold   . . .        d - orb {light}
rNeg    . . .        b - +0 robe
rPois   .            i - +1 hat
rElec   .            h - +1 cloak
rCorr   .            (no gloves)
SInv    .            (no boots)
Will    .....        (no amulet)
Stlth   +            r - ring of flight
HPRegen 0.28/turn    (no ring)
MPRegen 0.10/turn

%: no passive effects
@: confused, ambrosia-drunk, gold aura, flying, glowing, lightly drained
A: antennae 1, hooves 2, demonic guardian 1, demonic touch 1
a: Renounce Religion, Potion Petition, Call Merchant, Bribe Branch


You were on level 4 of the Dungeon.
You worshipped Gozag.
Gozag was pleased with you.
You visited 1 branch of the dungeon, and saw 4 of its levels.

You collected 512 gold pieces.

Inventory:

Hand Weapons
 a - a +0 hand axe (weapon)
 j - a +2 short sword of speed
Armour
 b - a +0 robe (worn)
 d - an orb of light (worn)
 h - a +1 cloak (worn)
 i - a +1 hat (worn)
 l - a scarf of invisibility
Jewellery
 r - a ring of flight (left hand)
Scrolls
 k - a scroll of teleportation
Potions
 c - a potion of ambrosia
 f - 2 potions of enlightenment
 g - 2 potions of cancellation
 p - a potion of might
 q - a potion of brilliance


   Skills:
 + Level 5.2 Fighting
 + Level 4.7 Axes
 + Level 4.6 Dodging


You had 5 spell levels left.
You didn't know any spells.
Your spell library was empty.

Dungeon Overview and Level Annotations

Branches:
Dungeon (4/15)
 Temple: D:4-7

Altars:
Gozag


Innate Abilities, Weirdness & Mutations

You have a pair of small antennae on your head.
You have hoof-like feet.
A weak demonic guardian rushes to your aid.
Your touch may inflict minor irresistible damage on your foes.


Message History

A hobgoblin is nearby!
A hobgoblin comes into view.
The hobgoblin shouts!
The hobgoblin hits you.
There are monsters nearby!
You slash the hobgoblin!
You kill the hobgoblin!
You see here 7 gold pieces.
The gnoll bouda shouts!
The hobgoblin closely misses you.
The gnoll hits you from afar with a +2 halberd of distortion!
Space warps around you.
You barely miss the hobgoblin.
The hobgoblin hits you but does no damage.
The gnoll hits you from afar with a +2 halberd of distortion.
Space warps around you.
You barely miss the hobgoblin. You kick the hobgoblin.
The hobgoblin is moderately wounded.
The gnoll bouda barks out a call to the hunt!
The gnolls pick up the pace!
The hobgoblin closely misses you.
The gnoll hits you from afar with a +2 halberd of distortion.
Space warps around you.
You hear a shout!
The hobgoblin barely misses you.
The gnoll shouts!
The gnoll hits you but does no damage. Space warps around you.
The gnoll bouda misses you.
The hobgoblin hits you but does no damage.
The gnoll hits you with a +2 whip of electrocution.
* * * LOW HITPOINT WARNING * * *
The gnoll barely misses you.
You are confused.
You feel invigorated. The gnoll barely misses you.
The hobgoblin hits you but does no damage.
The gnoll hits you with a +2 whip of electrocution.
* * * LOW HITPOINT WARNING * * *
You are electrocuted!
You die...
Your body crumbles into a pile of gold.

# #...............
######...............
.......#'###.....##
.......+...+.....+
.......#...#.....#
.......#...#...$.#
.......##..#.....####
##############.g.g..#
.g....'..@g..#
.....#...g..# $
....#..g...#
...g#......#
....#.g....+
#####'#......#
#...<.#......#
#.....'......#
#.....#


You could see a gnoll bouda, 4 gnolls and a hobgoblin.

Vanquished Creatures
  Sigmund (D:2)
  An iguana (D:4)
  Natasha (thrice) (D:2)
  An orc wizard (D:3)
  A gnoll (D:3)
  An adder (D:2)
  An ufetubus (D:4)
  A worm (D:3)
  4 dart slugs
  8 orcs
  7 ball pythons
  7 endoplasms
  2 giant cockroaches
  9 hobgoblins
  12 kobolds
  3 quokkas
  3 bats
  6 frilled lizards
  9 goblins
  4 rats
84 creatures vanquished.

Vanquished Creatures (collateral kills)
  The ghost of Lance11888 the Covert, a weakling OpDe (D:3)
  An orc priest (D:3)
  An iguana (D:4)
  An orc (D:3)
4 creatures vanquished.

Grand Total: 88 creatures vanquished

Notes
Turn   | Place    | Note
-------+----------+-------------------------------------------
     0 | D:1      | innerfire43 the Demonspawn Monk began the quest for the
                  | Orb.
     0 | D:1      | Reached XP level 1. HP: 18/18 MP: 1/1
     6 | D:1      | Noticed a snapping turtle
     6 | D:1      | Noticed a swamp drake
     6 | D:1      | Noticed a black bear
     7 | D:1      | Noticed a salamander
   148 | D:1      | Discovered your monstrous ancestry.
   148 | D:1      | Gained mutation: Your touch may inflict minor irresistible
                  | damage on your foes. [demonic ancestry]
   148 | D:1      | Reached XP level 2. HP: 24/24 MP: 2/2
   263 | D:1      | Found a faded altar of an unknown god.
   436 | D:1      | Prayed at the altar of an unknown god.
   436 | D:1      | Became a worshipper of Gozag Ym Sagoz the Greedy
   946 | D:2      | Gained mutation: You have large cloven feet. [demonic
                  | ancestry]
   946 | D:2      | Reached XP level 3. HP: 29/29 MP: 3/3
   995 | D:2      | Noticed Sigmund
  1013 | D:2      | Killed Sigmund
  1014 | D:2      | Reached skill level 4 in Fighting
  1014 | D:2      | Gained mutation: You have hoof-like feet. [demonic
                  | ancestry]
  1014 | D:2      | Reached XP level 4. HP: 15/38 MP: 4/4
  1014 | D:2      | Gained mutation: You have a pair of small antennae on your
                  | head. [demonic ancestry]
  1014 | D:2      | Reached XP level 5. HP: 17/43 MP: 5/5
  1451 | D:2      | Noticed Natasha
  1464 | D:2      | Killed Natasha
  1587 | D:2      | Noticed Natasha
  1599 | D:2      | Killed Natasha
  1600 | D:2      | Gained mutation: A weak demonic guardian rushes to your
                  | aid. [demonic ancestry]
  1600 | D:2      | Reached XP level 6. HP: 20/49 MP: 6/6
  1705 | D:2      | Noticed Natasha
  1718 | D:2      | Killed Natasha
  2761 | D:3      | Found a runed translucent door.
  2761 | D:3      | Noticed Lance11888's ghost (weakling OpDe)
  3078 | D:3      | Killed Lance11888's ghost
  3079 | D:3      | Reached skill level 5 in Fighting
  3778 | D:4      | Slain by a gnoll

Illustrated notes

Levels and vault maps discovered:
D:1:      onia_arrival_zoo_common, layout_loops_cross,
          hellmonk_ecumenical_altar_leap_of_faith, st_stairs_6
D:2:      layout_loops_ring, lexackson_kobold_supper, uniq_sigmund, uniq_natasha
D:3:      kennysheep_big_flooded_room, layout_basic, gammafunk_ghost_grave
D:4:      layout_gridville

Skill      XL: |  1  2  3  4  5  6 |
---------------+-------------------+-----
Axes           | 3 4 |  4.7
Dodging        | 3 4 |  4.6
Fighting       | 4 5 |  5.2

Action                     |  1- 3 |  4- 6 || total
---------------------------+-------+-------++-------
  Melee: Hand axe          |    84 |   171 ||   255
         Kick              |     5 |    65 ||    70
    Use: Scroll            |       |     8 ||     8
         Potion            |       |     1 ||     1
 Armour: Robe              |    12 |    42 ||    54
  Dodge: Dodged            |    58 |    99 ||   157

Table legend: (Time is in decaauts)
 A = Elapsed time spent in this place.
 B = Non-inter-level travel time spent in this place.
 C = Inter-level travel time spent in this place.
 D = Time resting spent in this place.
 E = Time spent auto-exploring this place.
 F = Levels seen in this place.
 G = Mean time per level.
                   A        B        C        D        E       F      G
               +--------+--------+--------+--------+--------+-----+--------+
         Total |   3804 |   3479 |    325 |      0 |   2673 |   4 |  951.0 |
       Dungeon |   3804 |   3479 |    325 |      0 |   2673 |   4 |  951.0 |
               +--------+--------+--------+--------+--------+-----+--------+

Top non-repeatable levels by time:
     D:3: 1517 daAuts
     D:2: 1135 daAuts
     D:1: 950 daAuts
     D:4: 201 daAuts
